 Dungeon Crawl Stone Soup version 0.25-a0-510-ge065f6de7d (webtiles) character file.

Game seed: 13939477295542178359, levelgen mode: deterministic

16 drasked the Magician (level 2, 0/15 HPs)
             Began as a Deep Elf Wizard on Feb 16, 2020.
             Slain by a centaur zombie (5 damage)
             ... on level 2 of the Dungeon.
             The game lasted 00:01:49 (759 turns).

drasked the Magician (Deep Elf Wizard)               Turns: 759, Time: 00:01:49

Health: 0/15       AC:  2    Str:  4    XL:     2   Next: 37%
Magic:  1/9        EV: 13    Int: 22    God:
Gold:   76         SH:  0    Dex: 13    Spells: 8/9 levels left

rFire    . . .     SeeInvis .   g - +0 club
rCold    . . .     Gourm    .   (no shield)
rNeg     . . .     Faith    .   a - +0 robe
rPois    .         Spirit   .   b - +0 hat
rElec    .         Reflect  .   (no cloak)
rCorr    .         Harm     .   (no gloves)
MR       .....                  (no boots)
Stlth    ++........             (no amulet)
HPRegen  0.05/turn              (no ring)
MPRegen  0.11/turn              (no ring)

@: no status effects
A: no striking features
a: no special abilities


You were on level 2 of the Dungeon.
You were not hungry.

You visited 1 branch of the dungeon, and saw 2 of its levels.

You collected 76 gold pieces.

Inventory:

Hand Weapons
 g - a +0 club (weapon)
   (You took it off a goblin on level 1 of the Dungeon)
Armour
 a - a +0 robe (worn)
 b - a +0 hat (worn)
Scrolls
 c - a scroll of teleportation {unknown}
 d - a scroll of fog {unknown}
 j - a scroll of identify {unknown}
 k - a scroll of remove curse {unknown}
Potions
 f - a potion of resistance {unknown}
 i - a potion of curing {unknown}
Comestibles
 e - 2 rations
 h - 2 chunks of flesh {@w0}


   Skills:
 - Level 2.4 Dodging
 - Level 2.4 Stealth
 - Level 4.4 Spellcasting
 + Level 2.7 Conjurations
   Level 1.1 Summonings
   Level 1.1 Translocations


You had 8 spell levels left.
You knew the following spells:

 Your Spells              Type           Power        Failure   Level  Hunger
a - Magic Dart            Conj           ###.         3%          1    None

Your spell library contained the following spells:

 Spells                   Type           Power        Failure   Level  Hunger
 Blink                    Tloc           N/A          11%         2    #......
 Call Imp                 Summ           #.......     11%         2    #......
 Slow                     Hex            #.......     16%         2    #......
 Conjure Flame            Conj/Fire      ##......     19%         3    ##.....
 Mephitic Cloud           Conj/Pois/Air  #.......     22%         3    ##.....


Dungeon Overview and Level Annotations

Branches:
Dungeon (2/15)

Altars:


Message History

You start resting.
You butcher the goblin corpse.
h - 2 chunks of flesh {@w0} (gained 1)
You see here a goblin skeleton. x2
j - a scroll labeled WARUNLOUCS You see here a dagger.
You now have 45 gold pieces (gained 7).
You see here a stone.
Things that are here:
2 stones; a kobold corpse A goblin comes into view.
It is wielding a +0 dagger.
You see here a scroll labeled GOICAQ AVYTUD.
A goblin is nearby!
Aim: a goblin, wielding a +0 dagger (resting)
The magic dart hits the goblin.
The goblin shouts!
Aim: a goblin, wielding a +0 dagger (heavily wounded)
The magic dart hits the goblin.
You kill the goblin!
You start resting.
Some of the chunks of flesh in your inventory have rotted away.
k - a scroll labeled GOICAQ AVYTUD You butcher the goblin corpse.
h - 3 chunks of flesh {@w0} (gained 2)
Things that are here:
a +0 dagger; a goblin skeleton
Things that are here:
a +0 dagger; a goblin skeleton You see here 5 javelins.
A leopard gecko comes into view.
The leopard gecko moves out of view.
The leopard gecko is too close now for your liking.
Aim: a leopard gecko (hasn't noticed you)
The magic dart hits the leopard gecko.
You kill the leopard gecko!
Drop what? 12/52 slots (_ for help) (? for menu, Esc to quit)
You drop 15 stones.
You start resting.
Found a glowing leather armour.
You now have 62 gold pieces (gained 17).
Done exploring.
Done exploring.
Done exploring.
You see here 15 stones.
You see here 5 javelins.
Things that are here:
a +0 dagger; a goblin skeleton You see here a stone.
Some of the chunks of flesh in your inventory have rotted away.
There is a stone staircase leading down here.
You climb downwards.
A quokka comes into view.
There is a stone staircase leading up here.
Aim: a quokka (resting)
The magic dart hits the quokka.
Aim: a quokka The magic dart hits the quokka.
The quokka twitches its whiskers.
The quokka bites you but does no damage.
Aim: a quokka (severely wounded)
The magic dart hits the quokka.
The quokka closely misses you.
Aim: a quokka (almost dead)
The magic dart hits the quokka.
You kill the quokka!
You start resting.
You now have 76 gold pieces (gained 14).
A centaur zombie comes into view.
Aim: a centaur zombie (resting)
The magic dart hits the centaur zombie.
Aim: a centaur zombie (lightly damaged)
The magic dart hits the centaur zombie.
The centaur zombie hits you. The centaur zombie hits you.
Aim: a centaur zombie (lightly damaged)
The magic dart hits the centaur zombie.
The centaur zombie misses you. x2
Aim: a centaur zombie (moderately damaged)
The magic dart hits the centaur zombie.
The centaur zombie hits you.
* * * LOW HITPOINT WARNING * * *
Aim: a centaur zombie (heavily damaged)
The magic dart hits the centaur zombie but does no damage.
The centaur zombie closely misses you.
Aim: a centaur zombie (heavily damaged)
The magic dart hits the centaur zombie.
The centaur zombie hits you.
* * * LOW HITPOINT WARNING * * *
Aim: a centaur zombie (heavily damaged)
The magic dart hits the centaur zombie but does no damage.
The centaur zombie hits you.
* * * LOW HITPOINT WARNING * * *
The centaur zombie barely misses you.
Aim: a centaur zombie (heavily damaged)
The magic dart hits the centaur zombie.
The centaur zombie barely misses you.
Aim: a centaur zombie (heavily damaged)
The magic dart hits the centaur zombie.
* * * LOW MAGIC WARNING * * *
The centaur zombie misses you.
Aim: a centaur zombie (severely damaged)
The magic dart hits the centaur zombie.
* * * LOW MAGIC WARNING * * *
The centaur zombie hits you.
You die...

#.# #.#
#.# #.#
#.# #.#
#.# #Z#
### #@#
#<# #.#
#.# #.#
#.#####.#
#.......#
#.#####.#
### ###


You could see a centaur zombie.

Levels and vault maps discovered:
D:1:      dpeg_arrival_rooms_b, layout_rooms
D:2:      layout_basic, minmay_fractal_squares_5, uniq_jessica

Notes
Turn   | Place    | Note
-------+----------+-------------------------------------------
     0 | D:1      | drasked the Deep Elf Wizard began the quest for the Orb.
     0 | D:1      | Reached XP level 1. HP: 10/10 MP: 7/7
   176 | D:1      | Reached skill level 2 in Conjurations
   276 | D:1      | Identified a +0 club
   334 | D:1      | Reached XP level 2. HP: 15/15 MP: 6/9
   549 | D:1      | Identified a +0 dagger
   759 | D:2      | Slain by a centaur zombie

Table legend:
 A = Turns spent in this place as a percentage of turns spent in the entire game.
 B = Non-inter-level travel turns spent in this place as a percentage of non-inter-level travel turns spent in the entire game.
 C = Inter-level travel turns spent in this place as a percentage of turns spent in this place.
 D = Turns resting spent in this place as a percentage of non-inter-level travel turns spent in this place.
 E = Turns spent auto-exploring this place as a percentage of non-inter-level travel turns spent in this place.
 F = Non-inter-level travel turns spent in this place divided by the number of levels of this place that you've seen.
                   A       B       C       D       E      F
               +-------+-------+-------+-------+-------+----------------------
         Total | 100.0 | 100.0 |   6.9 |  34.2 |  54.2 | 353.5
       Dungeon | 100.0 | 100.0 |   6.9 |  34.2 |  54.2 | 353.5
               +-------+-------+-------+-------+-------+----------------------

Table legend:
 A = Kills in this place as a percentage of kills in entire the game.
 B = Kills by you in this place as a percentage of kills by you in the entire game.
 C = Kills by friends in this place as a percentage of kills by friends in the entire game.
 D = Other kills in this place as a percentage of other kills in the entire game.
 E = Experience gained in this place as a percentage of experience gained in the entire game.
 F = Experience gained in this place divided by the number of levels of this place that you have seen.
                   A       B       C       D       E      F
               +-------+-------+-------+-------+-------+----------------------
         Total | 100.0 | 100.0 |   N/A |   N/A | 100.0 |  11.5
       Dungeon | 100.0 | 100.0 |   N/A |   N/A | 100.0 |  11.5
               +-------+-------+-------+-------+-------+----------------------

Skill      XL: |  1 |
---------------+----+-----
Conjurations   | 2 |  2.7
Dodging        | |  2.4
Stealth        | |  2.4
Spellcasting   | |  4.4
Summonings     | |  1.1
Translocations | |  1.1

Action                   || total
-------------------------++-------
 Cast: Magic Dart        ||    35
Armor: Robe              ||     1
Dodge: Dodged            ||    10

Vanquished Creatures
  2 leopard geckos (D:1)
  3 goblins (D:1)
  A quokka (D:2)
  2 bats (D:1)
  A frilled lizard (D:1)
  2 kobolds (D:1)
  3 rats (D:1)
14 creatures vanquished.
